 Dungeon Crawl Stone Soup version 0.23.1 (webtiles) character file.

Game seed: 13842887193573188791

26502 Borgoz the Slicer (level 13, -3/106 HPs)
             Began as a Ghoul Enchanter on Mar 13, 2019.
             Was an Elder of Ashenzari.
             Killed from afar by a molten gargoyle (10 damage)
             ... with a bolt of magma
             ... on level 12 of the Dungeon.
             The game lasted 01:03:17 (19834 turns).

Borgoz the Slicer (Ghoul Enchanter)                Turns: 19834, Time: 01:03:18

Health: -3/106     AC: 20    Str: 15    XL:     13   Next: 26%
Magic:  19/19      EV: 15    Int: 10    God:    Ashenzari [****..]
Gold:   920        SH:  0    Dex: 13    Spells: 11/22 levels left

rFire    . . .     SeeInvis +   a - +6 rapier of Tenacity {drain, rElec Str+2}
rCold    + + .     Gourm    .   (no shield)
rNeg     + + +     Faith    .   E - +5 ring mail {rC+}
rPois    ∞         Spirit   .   l - +1 hat
rElec    +         Reflect  .   h - +0 cloak
rCorr    .         Harm     .   H - +1 pair of gloves
MR       .....     Clarity  +   p - +2 pair of boots {run}
Stlth    +++.......             B - amulet of regeneration
HPRegen  0.00/turn              (no ring)
MPRegen  0.16/turn              R - ring of wizardry

@: rotting, quick
A: rotting body, claws 1, carnivore, cold resistance 1, negative energy
resistance 3, inhibited regeneration, torment resistance, unbreathing
a: Curse Item, Scrying, Renounce Religion


You were on level 12 of the Dungeon.
You worshipped Ashenzari.
Ashenzari was greatly pleased with you.
You were not hungry.

You visited 2 branches of the dungeon, and saw 15 of its levels.
You also visited: Sewer and Gauntlet.

You collected 920 gold pieces.

Inventory:

Hand Weapons
 a - the +6 rapier of Tenacity (weapon) {drain, rElec Str+2}
   (You found it in a Gauntlet)

   A truly terrible weapon, it drains the life of those it strikes.
   It affects your strength (+2).
   It insulates you from electricity.
 b - the +3 dagger "Overik" {elec, Dex+4}
   (You found it in a Gauntlet)

   Occasionally, upon striking a foe, it will discharge some electrical energy
   and cause terrible harm.
   It affects your dexterity (+4).
 w - a +8 blowgun
 D - a +0 dagger of flaming
Missiles
 t - 17 poisoned needles
 u - 9 tomahawks (quivered)
 K - 5 tomahawks of returning
Armour
 h - a +0 cloak (worn)
 l - a +1 hat (worn)
 p - a +2 pair of boots of running (worn)
 v - a +2 shield of fire resistance
 C - the cursed +1 chain mail "Ximiet" {Str-2 Dex+5}
   (You found it on level 11 of the Dungeon)

   It affects your strength (-2).
   It affects your dexterity (+5).
   It has a curse placed upon it.
 E - a +5 ring mail of cold resistance (worn)
 H - a +1 pair of gloves (worn)
 L - a +3 leather armour of magic resistance
 M - a +0 ring mail of fire resistance
Jewellery
 n - an uncursed ring of protection from fire
 q - an uncursed ring of protection from cold
 s - an uncursed amulet of magic regeneration
 B - an amulet of regeneration (around neck)
 R - a ring of wizardry (right hand)
Wands
 c - a wand of digging (7)
 y - a wand of paralysis (17)
Scrolls
 g - a scroll of enchant weapon
 i - a scroll of blinking
 j - a scroll of amnesia
 k - 8 scrolls of teleportation
 m - a scroll of fear
 r - a scroll of enchant armour
 x - 2 scrolls of immolation
 z - a scroll of magic mapping
 J - 5 scrolls of remove curse
 Q - a scroll of silence
Potions
 e - 5 potions of flight
 f - 2 potions of might
 F - a potion of cancellation
 G - a potion of magic
 P - a potion of curing
Comestibles
 d - 25 rations
 A - a chunk of flesh


   Skills:
 + Level 7.6 Fighting
 + Level 10.1 Short Blades
 - Level 2.0 Throwing
 + Level 8.7 Armour
 + Level 8.7 Dodging
 + Level 9.0 Stealth
 + Level 1.6 Shields
 - Level 5.0 Spellcasting
 + Level 6.3 Hexes
 - Level 3.1 Evocations


You had 11 spell levels left.
You knew the following spells:

 Your Spells              Type           Power        Failure   Level  Hunger
a - Corona                Hex            ###....      1%          1    None
b - Ensorcelled Hibernat  Hex/Ice        #.....       6%          2    ##.....
c - Confuse               Hex            ###.....     3%          3    ###....
d - Confusing Touch       Hex            ###...       1%          1    None
e - Cause Fear            Hex            ###.......   12%         4    ####...

Your spell library contained the following spells:

 Spells                   Type           Power        Failure   Level  Hunger
 Slow                     Hex            ###.....     1%          2    ##.....
 Tukima's Dance           Hex            ###.....     3%          3    ###....
 Dazzling Spray           Conj/Hex       #.....       13%         3    ###....
 Inner Flame              Hex/Fire       #.......     13%         3    ###....
 Portal Projectile        Hex/Tloc       #.....       13%         3    ###....
 Animate Skeleton         Necr           N/A          16%         1    None
 Flame Tongue             Conj/Fire      #....        16%         1    None
 Pain                     Necr           #...         16%         1    None
 Throw Flame              Conj/Fire      #.....       24%         2    ##.....
 Leda's Liquefaction      Hex/Erth       #.........   38%         4    ####...
 Conjure Flame            Conj/Fire      #.......     41%         3    ###....
 Gell's Gravitas          Tloc           #.........   41%         3    ###....
 Regeneration             Chrm/Necr      #.........   41%         3    ###....
 Vampiric Draining        Necr           #.........   41%         3    ###....
 Metabolic Englaciation   Hex/Ice        #.........   71%         5    ######.
 Yara's Violent Unravell  Hex/Tmut       #.........   71%         5    ######.
 Animate Dead             Necr           N/A          80%         4    ####...
 Petrify                  Tmut/Erth      #.......     80%         4    ####...
 Sticky Flame             Conj/Fire      #.......     80%         4    ####...
 Fireball                 Conj/Fire      #.........   98%         5    ######.


Dungeon Overview and Level Annotations

Branches:
Dungeon (12/15)            Temple (0/1) D:4            Lair (3/6) D:10
    Orc (0/2) D:9
  Swamp: Lair:2-4    Shoals: Lair:2-4     Snake: Lair:2-4    Spider: Lair:2-4

Altars:
Ashenzari
Cheibriados
Dithmenos
Fedhas
Gozag
Nemelex Xobeh
Okawaru
Ru
Sif Muna
Trog
Zin
The Shining One


Innate Abilities, Weirdness & Mutations

Your body is rotting away.
You thrive on raw meat.
You are immune to poison.
You have sharp fingernails.
You are carnivorous and can eat meat at any time.
Your flesh is cold resistant. (rC+)
You are immune to negative energy. (rN+++)
You do not regenerate when monsters are visible.
You are immune to unholy pain and torment.
You can survive without breathing.


Message History

The molten gargoyle is lightly damaged.
The molten gargoyle misses you.
You barely miss the molten gargoyle.
The molten gargoyle is lightly damaged.
The molten gargoyle hits you with a cursed -2 mace!
You are engulfed in flames!
The molten gargoyle barely misses you.
The molten gargoyle blasts magma at you!
The bolt of magma hits you!
The molten gargoyle blasts magma at you!
The bolt of magma hits you!!
* * * LOW HITPOINT WARNING * * *
Eat one of 2 chunks of flesh? (ye/n/q)
You eat one of the 2 chunks of flesh.
This raw flesh tastes great!
The molten gargoyle blasts magma at you!
The bolt of magma hits you!!
* * * LOW HITPOINT WARNING * * *
The molten gargoyle blasts magma at you!
The bolt of magma hits you!
You die...

#............, ,,
##........... ,
#........... *
##.......... ,
##........, #....^...
* ##....####* #...###
*###########@.## *
#.#.#.#)#...### ,
.#.#.#.#.#....##
*...≈.....#.9....#
,#.§≈≈§≈≈.9#9...?## *
.≈≈≈§§≈≈.#.......#*
,#§≈≈88§≈≈.#..$....#
##.≈≈≈88≈§.#.!......#
#.#§≈≈≈≈≈≈≈.#..?....#


You could see 3 molten gargoyles.

Vanquished Creatures
  4 hydras
  Harold (D:7)
  2 two-headed ogres
  The ghost of bmj180 the Spear-Bearer, a novice MiMo (D:7)
  A sixfirhy (Gauntlet)
  An unseen horror (D:10)
  A manticore (D:11)
  A moth of wrath (D:7)
  3 elephants
  A spiny frog (Lair:1)
  A molten gargoyle (D:12)
  2 rime drakes
  3 komodo dragons
  Grinder (D:2)
  A troll (D:10)
  4 hippogriffs
  4 polar bears (D:11)
  3 blink frogs (Lair:3)
  6 spriggans (Lair:1)
  8 yaks
  3 shadows
  2 wyverns
  4 hungry ghosts
  Duvessa (D:7)
  Purgy (D:3)
  9 water moccasins
  2 porcupines
  6 orc warriors
  4 black bears
  2 sky beasts (D:8)
  3 phantoms
  7 ice beasts
  An eye of draining (D:9)
  2 ogres
  10 wolves
  8 centaurs
  8 crocodiles
  4 big kobolds
  10 bullfrogs
  A wyvern zombie (D:7)
  Dowan (D:7)
  3 scorpions
  2 wyvern skeletons
  5 killer bees
  3 wights (D:10)
  8 crimson imps
  2 centaur zombies
  8 howler monkeys
  3 bullfrog zombies
  A quasit (D:7)
  3 jellies
  8 hounds
  2 gnoll shamans (D:4)
  10 orc priests
  6 bullfrog skeletons
  A centaur skeleton (D:6)
  An iron imp (D:8)
  15 orc wizards
  2 iguanas
  12 worker ants
  Ijyb (D:3)
  Terence (D:2)
  2 killer bee zombies
  6 ogre zombies (D:9)
  2 worker ant zombies
  A howler monkey skeleton (D:6)
  12 gnolls
  12 adders
  3 river rats (D:4)
  2 shadow imps
  2 white imps (D:11)
  3 ufetubi
  2 oozes
  2 adder skeletons
  5 worms
  9 dart slugs
  6 leopard geckos
  41 orcs
  7 giant cockroaches
  7 goblins
  8 hobgoblins
  9 jackals
  19 kobolds
  8 quokkas
  8 bats
  7 frilled lizards
  A giant cockroach zombie (D:5)
  A goblin skeleton (D:9)
  A goblin zombie (D:9)
  3 hobgoblin skeletons (D:9)
  3 hobgoblin zombies
  A kobold skeleton (D:8)
  2 kobold zombies (D:8)
  4 orc skeletons
  14 orc zombies
  A quokka skeleton (D:8)
  18 rats
  A fungus (D:10)
468 creatures vanquished.

Vanquished Creatures (others)
  A porcupine (Lair:1)
  A bush (Lair:1)
  41 fungi
  19 plants
  A withered plant (Gauntlet)
63 creatures vanquished.

Grand Total: 531 creatures vanquished

Notes
Turn   | Place    | Note
-------+----------+-------------------------------------------
     0 | D:1      | Borgoz the Ghoul Enchanter began the quest for the Orb.
     0 | D:1      | Reached XP level 1. HP: 14/14 MP: 2/2
    47 | D:1      | Reached skill level 1 in Short Blades
    73 | D:1      | Reached XP level 2. HP: 10/20 MP: 3/3
   449 | D:1      | Reached skill level 1 in Armour
   804 | D:1      | Reached XP level 3. HP: 19/26 MP: 4/4
  1352 | D:1      | Reached skill level 2 in Short Blades
  1669 | D:2      | Learned a level 2 spell: Ensorcelled Hibernation
  1890 | D:1      | Reached XP level 4. HP: 30/33 MP: 5/5
  2229 | D:3      | Noticed Grinder
  2573 | D:2      | Reached XP level 5. HP: 37/38 MP: 6/6
  2831 | D:3      | Noticed Ijyb
  2861 | D:3      | Killed Ijyb
  2861 | D:3      | Reached skill level 3 in Short Blades
  2912 | D:2      | Killed Grinder
  2912 | D:2      | Reached XP level 6. HP: 30/45 MP: 7/7
  3077 | D:3      | Noticed Terence
  3115 | D:2      | Killed Terence
  3115 | D:2      | Reached skill level 4 in Short Blades
  3179 | D:3      | Reached XP level 7. HP: 43/50 MP: 8/8
  3261 | D:4      | Found a shattered altar of Ashenzari.
  3270 | D:4      | Became a worshipper of Ashenzari the Shackled
  3419 | D:4      | Found a glowing drain.
  3423 | Sewer    | Entered a sewer
  3528 | Sewer    | Found a glowing silver altar of Zin.
  3677 | D:4      | Learned a level 3 spell: Confuse
  3870 | D:5      | Entered Level 5 of the Dungeon
  4079 | D:5      | Found a sacrificial altar of Ru.
  4147 | D:4      | Reached skill level 5 in Short Blades
  4147 | D:4      | Reached XP level 8. HP: 46/57 MP: 9/9
  4253 | D:4      | Reached skill level 5 in Armour
  4338 | D:4      | Found a bloodstained altar of Trog.
  4615 | D:3      | Found a glowing silver altar of Zin.
  4616 | D:3      | Found an opulent altar of Gozag.
  4688 | D:3      | Noticed Purgy
  4710 | D:3      | Killed Purgy
  4710 | D:3      | Reached skill level 1 in Fighting
  4948 | D:4      | Found a staircase to the Ecumenical Temple.
  5362 | D:5      | Reached * piety under Ashenzari
  5757 | D:6      | Found a snail-covered altar of Cheibriados.
  5815 | D:6      | Reached XP level 9. HP: 67/67 MP: 11/11
  5831 | D:6      | Found an iron altar of Okawaru.
  6038 | D:6      | Reached skill level 6 in Short Blades
  6056 | D:6      | Reached skill level 5 in Dodging
  6449 | D:7      | Noticed Dowan
  6450 | D:7      | Noticed Duvessa
  6476 | D:7      | Killed Duvessa
  6497 | D:7      | Killed Dowan
  6582 | D:7      | Reached ** piety under Ashenzari
  6599 | D:7      | Found a transporter.
  6606 | D:7      | Found a bloodstained altar of Trog.
  6614 | D:7      | Found a transporter.
  6615 | D:7      | Noticed bmj180's ghost (novice MiMo)
  6615 | D:7      | Identified the +5 trident of Lifoe {chaos, MR- Str+4 SInv}
  6977 | D:7      | Found a deep blue altar of Sif Muna.
  7158 | D:7      | Noticed Harold
  7224 | D:7      | Killed Harold
  7224 | D:7      | Reached skill level 5 in Stealth
  7224 | D:7      | Reached XP level 10. HP: 49/75 MP: 13/13
  7293 | D:7      | Reached skill level 7 in Short Blades
  7385 | D:7      | Noticed a moth of wrath
  8210 | D:8      | Found a sparkling altar of Nemelex Xobeh.
  8865 | D:8      | Found a glowing golden altar of the Shining One.
  9921 | D:9      | Noticed a green ugly thing
 10238 | D:9      | Found a blossoming altar of Fedhas.
 10443 | D:9      | Found a shadowy altar of Dithmenos.
 11056 | D:9      | Reached skill level 8 in Short Blades
 11056 | D:9      | Reached XP level 11. HP: 31/85 MP: 6/16
 11348 | D:9      | Found a staircase to the Orcish Mines.
 11435 | D:10     | Entered Level 10 of the Dungeon
 11510 | D:10     | Reached skill level 5 in Fighting
 11615 | D:10     | Noticed a two-headed ogre
 11617 | D:10     | Found a staircase to the Lair.
 11711 | D:9      | HP: 4/86 [two-headed ogre/+0 giant club (22)]
 11954 | D:9      | Killed a two-headed ogre
 12128 | D:11     | Found a gate leading to a gauntlet.
 12150 | Gauntlet | Entered a Gauntlet
 12150 | Gauntlet | Found a transporter.
 12151 | Gauntlet | Noticed a sixfirhy
 12157 | Gauntlet | Found a transporter.
 12159 | Gauntlet | Found a transporter.
 12168 | Gauntlet | Found a transporter.
 12170 | Gauntlet | Found a transporter.
 12172 | Gauntlet | Noticed a reaper
 12175 | Gauntlet | Identified a +2 pair of boots of running
 12187 | Gauntlet | Found a transporter.
 12189 | Gauntlet | Identified the ring of Conaor {*Tele Str+4 Dex+2}
 12193 | Gauntlet | Noticed a hell hog
 12195 | Gauntlet | Found a transporter.
 12198 | Gauntlet | Identified the cursed ring of Gomoodu {rN+ AC-3}
 12205 | Gauntlet | Found a transporter.
 12207 | Gauntlet | Identified the amulet of Dawn {Spirit rElec rPois Str-5
                  | Int+3}
 12208 | Gauntlet | Noticed a blizzard demon
 12215 | Gauntlet | Found a transporter.
 12216 | Gauntlet | Found a runed translucent door.
 12216 | Gauntlet | Found a runed translucent door.
 12227 | Gauntlet | Noticed a cacodemon
 12229 | Gauntlet | Found a transporter.
 12231 | Gauntlet | Found a transporter.
 12243 | Gauntlet | Found a transporter.
 12246 | Gauntlet | Noticed a tengu warrior
 12295 | Gauntlet | Found a transporter.
 12295 | Gauntlet | Found a transporter.
 12417 | Gauntlet | Killed a sixfirhy
 12914 | Gauntlet | Identified the amulet "Reuroud" {Reflect rElec MR- Str+3
                  | SH+2}
 12914 | Gauntlet | Noticed a minotaur
 13010 | Gauntlet | Identified the amulet "Zuulaun" {Inacc Str+5 Dex+3}
 13011 | Gauntlet | Got the dagger "Overik" {elec, Dex+4}
 13011 | Gauntlet | Got the rapier of Tenacity {drain, rElec Str+2}
 13096 | D:9      | Identified the +3 dagger "Overik" {elec, Dex+4} (You found
                  | it in a Gauntlet)
 13098 | D:9      | Identified the +6 rapier of Tenacity {drain, rElec Str+2}
                  | (You found it in a Gauntlet)
 13148 | D:10     | Noticed an unseen horror
 13181 | D:10     | Killed an unseen horror
 13181 | D:10     | Reached skill level 5 in Hexes
 13385 | Lair:1   | Entered Level 1 of the Lair of Beasts
 13631 | Lair:1   | Reached *** piety under Ashenzari
 13690 | Lair:1   | Noticed an eight-headed hydra
 13985 | Lair:1   | Reached skill level 9 in Short Blades
 14142 | Lair:1   | Reached XP level 12. HP: 45/96 MP: 18/18
 14147 | Lair:1   | Reached skill level 1 in Evocations
 14323 | Lair:1   | Reached skill level 5 in Spellcasting
 14711 | Lair:2   | Noticed a seven-headed hydra
 15047 | Lair:2   | Noticed an eight-headed hydra
 15096 | Lair:2   | Killed an eight-headed hydra
 15436 | Lair:1   | Reached skill level 1 in Throwing
 15572 | Lair:1   | Killed a seven-headed hydra
 16303 | Lair:2   | Killed an eight-headed hydra
 16707 | Lair:3   | Noticed a seven-headed hydra
 16708 | Lair:3   | Killed a seven-headed hydra
 17088 | Lair:3   | Noticed an eight-headed hydra
 17281 | Lair:3   | Noticed a five-headed hydra
 17608 | D:10     | Reached **** piety under Ashenzari
 18083 | D:7      | Killed bmj180's ghost
 18091 | D:7      | Reached XP level 13. HP: 77/105 MP: 16/19
 18411 | D:11     | Reached skill level 10 in Short Blades
 18676 | D:11     | Got the cursed chain mail "Ximiet" {Str-2 Dex+5}
 18712 | D:11     | Reached skill level 1 in Shields
 19670 | D:11     | Learned a level 1 spell: Confusing Touch
 19675 | D:11     | Learned a level 4 spell: Cause Fear
 19834 | D:12     | Killed from afar by a molten gargoyle

Skill      XL: |  1  2  3  4  5  6  7  8  9 10 11 12 13 |
---------------+----------------------------------------+-----
Short Blades   | 1 2 3 4 5 6 8 9 10 | 10.1
Dodging        | 2 3 4 6 7 8 |  8.7
Armour         | 1 2 3 4 5 6 7 8 |  8.7
Spellcasting   | 2 3 4 5 |  5.0
Fighting       | 2 3 4 6 7 |  7.6
Stealth        | 4 5 6 7 8 9 |  9.0
Hexes          | 3 4 5 6 |  6.3
Evocations     | 3 |  3.1
Throwing       | 2 |  2.0
Shields        | 1 |  1.6

Action                   |  1- 3 |  4- 6 |  7- 9 | 10-12 | 13-15 || total
-------------------------+-------+-------+-------+-------+-------++-------
Melee: Dagger            |   127 |   210 |   692 |  1634 |       ||  2663
       Rapier            |       |       |       |   226 |   230 ||   456
Throw: Throwing net      |       |       |     1 |     2 |       ||     3
       Tomahawk          |       |       |       |     2 |       ||     2
 Cast: Confuse           |       |       |     1 |    15 |     6 ||    22
       Ensorcelled Hiber |       |       |       |    40 |       ||    40
       Confusing Touch   |       |       |       |       |     2 ||     2
       Cause Fear        |       |       |       |       |     1 ||     1
Invok: Curse Item        |       |       |     1 |       |       ||     1
       Scrying           |       |       |       |     1 |       ||     1
Evoke: Wand              |       |       |       |     1 |       ||     1
  Use: Scroll            |     3 |     4 |     9 |    10 |     2 ||    28
       Potion            |       |     1 |     6 |     8 |       ||    15
 Stab: Sleeping          |     5 |     1 |     7 |    23 |     7 ||    43
       Confused          |       |       |     1 |     5 |     1 ||     7
       Held in net/web   |       |       |       |     2 |       ||     2
  Eat: Chunk             |     7 |    18 |    28 |    64 |    13 ||   130
Armor: Robe              |     6 |       |       |       |       ||     6
       Ring mail         |    35 |    60 |       |   247 |    83 ||   425
       Leather armour    |       |    19 |   190 |   286 |       ||   495
Dodge: Dodged            |    41 |    98 |   315 |   987 |   156 ||  1597
